 Dungeon Crawl Stone Soup version 0.30-b1-2-g02819fbbbe (webtiles) character file.

Game seed: 5044786082990592443

32 Arum the Shield-Bearer (level 3, -3/30 HPs)
             Began as a Formicid Fighter on May 12, 2023.
             Slain by a cerulean imp
             ... wielding a +1 spear
             ... summoned by Natasha
              (4 damage)
             ... on level 2 of the Dungeon.
             The game lasted 00:00:59 (988 turns).

Arum the Shield-Bearer (Formicid Fighter)            Turns: 988, Time: 00:00:59

Health: -3/30      AC:  6    Str: 22    XL:     3   Next: 45%
Magic:  3/3        EV:  9    Int:  7    God:
Gold:   85         SH:  5    Dex: 13    Spells: 2/2 levels left

rFire   + . .        a - +0 flail
rCold   . . .        c - +0 buckler
rNeg    . . .        b - +0 scale mail
rPois   .            (helmet unavailable)
rElec   .            (no cloak)
rCorr   .            (no gloves)
SInv    +            (no boots)
Will    .....        (no amulet) Stlth
                     g - ring of protection from fire
HPRegen 0.25/turn    (no ring)
MPRegen 0.08/turn

%: no passive effects
@: no status effects
A: permanent stasis, dig shafts and tunnels, antennae 3, four strong arms
a: Dig, Shaft Self


You were on level 2 of the Dungeon.
You visited 1 branch of the dungeon, and saw 2 of its levels.

You collected 85 gold pieces.

Inventory:

Hand Weapons
 a - a +0 flail (weapon)
Armour
 b - a +0 scale mail (worn)
 c - a +0 buckler (worn)
Jewellery
 g - a ring of protection from fire (left hand)
Scrolls
 e - a scroll of torment {unknown}
 h - a scroll of identify {unknown}
 j - a scroll of vulnerability {unknown}
 n - a scroll of poison {unknown}
Potions
 d - 2 potions of might
 f - 3 potions of heal wounds {unknown}
 i - 2 potions of brilliance {unknown}
 k - a potion of flight {unknown}
 l - a potion of curing {unknown}
 m - a potion of lignification {unknown}


   Skills:
 + Level 3.6 Fighting
 + Level 2.4 Maces & Flails
 + Level 3.6 Armour
 + Level 4.5 Shields


You had 2 spell levels left.
You didn't know any spells.
Your spell library contained the following spells:

 Spells                   Type           Power      Damage    Failure   Level
 Call Canine Familiar     Summ           0%         N/A       99%         3
 Portal Projectile        Hex/Tloc       0%         N/A       99%         3
 Leda's Liquefaction      Hex/Erth       0%         N/A       100%        4


Dungeon Overview and Level Annotations

Branches:
Dungeon (2/15)

Altars:

Annotations:
D:2 Natasha


Innate Abilities, Weirdness & Mutations

You cannot be hasted, slowed, berserked, paralysed or teleported.
You can dig through walls and to a lower floor.
You have a pair of large antennae on your head. (SInv)
Your four strong arms can wield two-handed weapons with a shield.


Message History

Natasha is nearby!
Natasha casts a spell.
You completely miss Natasha. Natasha claws you.
The cerulean imp closely misses you. Natasha barely misses you.
You closely miss Natasha. The cerulean imp closely misses you.
Natasha claws you but does no damage.
You hit Natasha.
Natasha is moderately wounded.
The cerulean imp barely misses you. Natasha claws you!
You hit Natasha.
Natasha is heavily wounded.
The cerulean imp hits you from afar with a +3 spear.
Natasha claws you but does no damage.
The cerulean imp hits you from afar with a +3 spear.
Natasha casts a spell.
You are too injured to fight recklessly!
You closely miss Natasha.
Natasha is heavily wounded.
The cerulean imp hits you from afar with a +3 spear.
Natasha stares at you and mumbles some strange words.
The magic dart hits you.
* * * LOW HITPOINT WARNING * * *
The cerulean imp hits you with a +1 spear.
* * * LOW HITPOINT WARNING * * *
Press: ? - help, v - describe, . - travel
Here: a cerulean imp, wielding a +1 spear (summoned)
The floor.
Unknown command.
Unknown command.
You barely miss Natasha.
Natasha is heavily wounded.
The cerulean imp hits you but does no damage.
You block the cerulean imp's attack. Natasha claws you.
* * * LOW HITPOINT WARNING * * *
You closely miss Natasha.
Natasha is heavily wounded.
The cerulean imp hits you from afar with a +3 spear.
* * * LOW HITPOINT WARNING * * *
The cerulean imp hits you with a +1 spear.
You die...

....#.....#####.# #.#.##.#.# #
....#.###.......# #.#....#.# #
..........#######
#.######.##### ............#
#.. #......
......#.###.########## #######
......#.....##.....# { #...
....#.#####(...###<# ##.####.#.
.>.....####.##.#####.#
#.......#.
#####..#....#...@h5..#
#..####.#. #......####5######
#..#..#.#. #.#....#..).#
###.....#. #......#.####
##......... #.....##†#..
#..##...... ..........#.#
#####.# #...... #.###.....##.#
#.....###......
#.#....#.....####.##..)........
# #....#.##..........#.##......


You could see Natasha and 2 cerulean imps.

Vanquished Creatures
  2 worms (D:2)
  A dart slug (D:1)
  5 ball pythons
  An endoplasm (D:1)
  2 giant cockroaches (D:1)
  3 goblins
  A hobgoblin (D:2)
  A quokka (D:1)
  3 frilled lizards
  4 kobolds
  A rat (D:2)
24 creatures vanquished.

Notes
Turn   | Place    | Note
-------+----------+-------------------------------------------
     0 | D:1      | Arum the Formicid Fighter began the quest for the Orb.
     0 | D:1      | Reached XP level 1. HP: 18/18 MP: 1/1
   117 | D:1      | Reached XP level 2. HP: 24/24 MP: 2/2
   719 | D:2      | Reached XP level 3. HP: 29/29 MP: 3/3
   980 | D:2      | Noticed Natasha
   988 | D:2      | HP: 1/30 [cerulean imp/+3 spear[Natasha] (4)]
   988 | D:2      | Slain by a cerulean imp

Illustrated notes

Levels and vault maps discovered:
D:1:      dpeg_arrival_concentric_ovals, layout_basic
D:2:      layout_basic, uniq_natasha

Action                     || total
---------------------------++-------
  Melee: Flail             ||    64
 Armour: Scale mail        ||    28
  Dodge: Dodged            ||    17
  Block: Buckler           ||    13
